 Dungeon Crawl Stone Soup version 0.29.1-1-gd02db6906a (webtiles) character file.

Game seed: 10123332993363347327

162 Aibolit the Vexing (level 5, -4/26 HPs)
             Began as a Spriggan Arcane Marksman on Oct 7, 2022.
             Was an Initiate of Gozag.
             Killed from afar by Duvessa (10 damage)
             ... with a bolt of light
             ... on level 4 of the Dungeon.
             The game lasted 00:08:08 (3457 turns).

Aibolit the Vexing (Spriggan Arcane Marksman)       Turns: 3457, Time: 00:08:09

Health: -4/26      AC:  3    Str:  6    XL:     5   Next: 19%
Magic:  9/10       EV: 18    Int: 15    God:    Gozag
Gold:   235        SH:  0    Dex: 17    Spells: 9/10 levels left

rFire   . . .      SeeInvis +   a - +1 sling
rCold   . . .      Faith    .   (no shield)
rNeg    . . .      Spirit   .   c - +1 robe
rPois   .          Reflect  .   (helmet restricted)
rElec   .          Harm     .   (no cloak)
rCorr   .          Rampage  .   (gloves unavailable)
Will    .....                   (boots unavailable)
Stlth   +.........              (no amulet)
HPRegen 0.08/turn               j - ring of flight
MPRegen 0.12/turn               p - ring of wizardry

@: confused, flying, very quick
A: very small, no large weapons, unfitting armour, see invisible, speed 3
a: Renounce Religion, Potion Petition, Call Merchant, Bribe Branch


You were on level 4 of the Dungeon.
You worshipped Gozag.
Gozag was aware of your devotion.
You visited 1 branch of the dungeon, and saw 4 of its levels.

You collected 316 gold pieces.
You paid 81 gold pieces to Gozag.

Inventory:

Hand Weapons
 a - a +1 sling (weapon)
Missiles
 n - a throwing net
Armour
 c - a +1 robe (worn)
Jewellery
 j - a ring of flight (left hand)
 p - a ring of wizardry (right hand)
Wands
 t - a wand of flame (22)
Scrolls
 b - a scroll of poison
 d - a scroll of enchant armour
 e - a scroll of vulnerability {unknown}
 f - 2 scrolls of identify
 l - a scroll of fear {unknown}
 q - a scroll of amnesia
 s - a scroll of magic mapping {unknown}
Potions
 g - a potion of attraction {unknown}
 h - 3 potions of degeneration {unknown}
 i - a potion of resistance {unknown}
 k - a potion of cancellation {unknown}
 m - 3 potions of mutation {unknown}
 o - 2 potions of might {unknown}
 r - a potion of haste {unknown}
 u - 3 potions of flight {unknown}
 v - 3 potions of curing {unknown}


   Skills:
 + Level 1.9 Fighting
 + Level 3.0 Ranged Weapons
 + Level 3.9 Dodging
 + Level 3.0 Spellcasting
 - Level 4.5 Hexes


You had 9 spell levels left.
You knew the following spells:

 Your Spells              Type           Power      Damage    Failure   Level
a - Slow                  Hex            60%        N/A       1%          1

Your spell library contained the following spells:

 Spells                   Type           Power      Damage    Failure   Level
 Inner Flame              Hex/Fire       9%         N/A       10%         3
 Portal Projectile        Hex/Tloc       18%        N/A       10%         3
 Cause Fear               Hex            7%         N/A       12%         4


Dungeon Overview and Level Annotations

Branches:
Dungeon (4/15)
 Temple: D:4-7

Altars:
Gozag

Shops:
D:3 (

Annotations:
D:4 3 runed translucent doors, Descartes's ghost, novice FoFi; Dowan; Duvessa


Innate Abilities, Weirdness & Mutations

You are very small and have problems with some larger weapons.
You are too small for most types of armour.
You have supernaturally acute eyesight. (SInv)
You cover ground extremely quickly. (Speed+++)


Message History

You now have 235 gold pieces (gained 5).
u - 3 sapphire potions (gained 2) Dowan, Brother of Duvessa comes into view.
He is wielding a +0 dagger.
You see here 2 orange potions.
Dowan shouts!
Dowan resists with significant effort.
Duvessa, Sister of Dowan comes into view.
She is wielding a +0 short sword and carrying a wand of light (12).
Dowan points at Duvessa and mumbles some strange words.
Duvessa seems to speed up.
Duvessa is nearby!
You shoot a sling bullet. The sling bullet hits Duvessa.
Duvessa is lightly wounded.
Duvessa says, "I don't care about looks, I care about technique!"
You shoot a sling bullet. The sling bullet hits Duvessa.
Duvessa is lightly wounded.
Duvessa easily resists.
Duvessa zaps a wand.
The bolt of light hits you!!
You are confused.
Ouch! That really hurt!
* * * LOW HITPOINT WARNING * * *
You are too confused!
You are too confused!
You are too confused!
You are too confused!
You are too confused!
You are too confused!
You are too confused!
You are too confused!
You are too confused!
You are too confused!
Unknown command.
You start resting.
Duvessa zaps a wand.
The bolt of light hits you!
You die...
Your body crumbles into a pile of gold.

#####.# #. ###.##.# #.#
### #......# ..## ##.#
##......##
#..##..####....e...####
##......e.........!....
###....#..#####........##
.........## ##......##
........@# ##......##
####...#.## ##......#
#..###..# #....... ....#
##.## #.###... #..#
##..## #.# ### ##.
#....### ..#
#...##...###.## ....##
###...#.### #.. .....
##......#....


You could see Duvessa (fast).

Vanquished Creatures
  Jessica (D:3)
  An iguana (D:3)
  Robin (D:3)
  3 adders
  A worm (D:3)
  A dart slug (D:3)
  2 orcs (D:3)
  7 ball pythons
  3 bats (D:1)
  6 endoplasms
  3 giant cockroaches
  12 goblins
  5 hobgoblins
  6 kobolds
  3 quokkas (D:3)
  A frilled lizard (D:2)
  6 rats
62 creatures vanquished.

Vanquished Creatures (others)
  A fungus (D:1)
  5 toadstools (D:1)
6 creatures vanquished.

Grand Total: 68 creatures vanquished

Notes
Turn   | Place    | Note
-------+----------+-------------------------------------------
     0 | D:1      | Aibolit the Spriggan Arcane Marksman began the quest for
                  | the Orb.
     0 | D:1      | Reached XP level 1. HP: 9/9 MP: 3/3
   105 | D:1      | Reached skill level 1 in Fighting
   124 | D:1      | Reached XP level 2. HP: 14/14 MP: 5/5
   751 | D:2      | Reached XP level 3. HP: 10/18 MP: 5/7
   897 | D:2      | Reached skill level 4 in Hexes
  1447 | D:3      | Reached XP level 4. HP: 7/22 MP: 6/8
  1792 | D:3      | Noticed Jessica
  1809 | D:3      | Killed Jessica
  1935 | D:3      | Found Pegacops's Antique Weapon Emporium.
  2761 | D:3      | Noticed Robin
  2805 | D:3      | Reached XP level 5. HP: 20/26 MP: 10/10
  2825 | D:3      | Killed Robin
  3005 | D:3      | Found an opulent altar of Gozag.
  3011 | D:3      | Became a worshipper of Gozag Ym Sagoz the Greedy
  3177 | D:4      | Found a runed translucent gate.
  3177 | D:4      | Found a runed translucent gate.
  3177 | D:4      | Found a runed translucent gate.
  3178 | D:4      | Noticed Descartes's ghost (novice FoFi)
  3437 | D:4      | Noticed Dowan
  3438 | D:4      | Noticed Duvessa
  3457 | D:4      | Killed from afar by Duvessa

Illustrated notes

Levels and vault maps discovered:
D:1:      scummos_arrival_simple_crosswalls, layout_rooms,
          minmay_gold_behind_fungi, minmay_strange_pillars, nrook_campfire,
          ebering_dispersal_statue_hall, minmay_misc_feat_rugged,
          corexii_hall_statues_s
D:2:      layout_basic, st_stairs_2
D:3:      kennysheep_six_static_rooms, layout_loops_ring,
          nicolae_gozag_seed_capital, serial_shops, shop,
          kennysheep_generic_room_11, uniq_jessica, uniq_robin
D:4:      layout_layer_cave, ebering_ghost_rock_garden, uniq_duvessa

Skill      XL: |  1  2  3  4  5 |
---------------+----------------+-----
Fighting       | 1 |  1.9
Dodging        | 3 |  3.9
Spellcasting   | 2 3 |  3.0
Hexes          | 4 |  4.5
Ranged Weapons | 3 |  3.0

Action                   |  1- 3 |  4- 6 || total
-------------------------+-------+-------++-------
Melee: Dagger            |     4 |       ||     4
 Fire: Sling             |    99 |   127 ||   226
 Cast: Slow              |    11 |    15 ||    26
Evoke: Wand              |       |     1 ||     1
  Use: Scroll            |     4 |       ||     4
Armor: Robe              |     5 |     6 ||    11
Dodge: Dodged            |    31 |    36 ||    67
